 Dungeon Crawl Stone Soup version 0.30-a0-782-ge64f9170bb (webtiles) character file.

Game seed: 3452322506680754220

127 duumipappa the Shield-Bearer (level 4, -13/45 HPs)
             Began as a Troll Fighter on Feb 26, 2023.
             Mangled by a small abomination (18 damage)
             ... on level 3 of the Dungeon on Feb 27, 2023.
             The game lasted 00:29:34 (1334 turns).

duumipappa the Shield-Bearer (Troll Fighter)        Turns: 1334, Time: 00:29:35

Health: -13/45     AC:  4    Str: 26    XL:     4   Next: 85%
Magic:  3/3        EV:  8    Int:  4    God:
Gold:   129        SH:  8    Dex:  9    Spells: 3/3 levels left

rFire   . . .      SeeInvis .      - Unarmed
rCold   . . .      Faith    .    b - +0 kite shield
rNeg    . . .      Spirit   .    a - +0 robe
rPois   .          Reflect  .    (helmet restricted)
rElec   .          Harm     .    (no cloak)
rCorr   .          Rampage  .    (gloves unavailable)
Will    .....                    (boots unavailable)
Stlth   +                        e - amulet of magic regeneration
HPRegen 1.07/turn                (no ring)
MPRegen 0.48/turn                (no ring)

@: mighty
A: large, unfitting armour, claws 3, regeneration 1, shaggy fur 1, tough skin 1
a: no special abilities


You were on level 3 of the Dungeon.
You visited 1 branch of the dungeon, and saw 3 of its levels.

You collected 129 gold pieces.

Inventory:

Hand Weapons
 g - a +0 short sword
 h - a +0 club
 k - a +0 spear
 n - a +1 dagger of holy wrath
 r - a +2 quarterstaff of chaos
Missiles
 d - 6 silver javelins
 f - 8 stones (quivered)
 m - 5 poisoned darts
Armour
 a - a +0 robe (worn)
 b - a +0 kite shield (worn)
 s - a +0 cloak
Jewellery
 e - an amulet of magic regeneration (around neck)
Scrolls
 j - a scroll of magic mapping {unknown}
 l - a scroll of summoning {unknown}
Potions
 i - 2 potions of attraction
 o - a potion of flight {unknown}


   Skills:
 + Level 3.1 Fighting
 + Level 0.1 Throwing
 + Level 3.0 Dodging
 + Level 3.3 Shields
 + Level 3.3 Unarmed Combat


You had 3 spell levels left.
You didn't know any spells.
Your spell library contained the following spells:

 Spells                   Type           Power      Damage    Failure   Level
 Foxfire                  Conj/Fire      0%         2x1d4     80%         1
 Magic Dart               Conj           0%         1d3       80%         1
 Necrotise                Necr           0%         1d4       80%         1


Dungeon Overview and Level Annotations

Branches:
Dungeon (3/15)

Altars:
Zin


Innate Abilities, Weirdness & Mutations

You are too large for most types of armour.
You have claws for hands.
Your natural rate of healing is unusually fast.
You are covered in fur. (AC +1)
You have tough skin. (AC +1)


Message History

You block the gnoll's attack.
The small abomination moves out of view.
You claw the gnoll!
The gnoll is heavily wounded.
The gnoll hits you with a +1 spear of distortion.
Space warps horribly around you!
You completely miss the gnoll.
The gnoll is heavily wounded.
You block the gnoll's attack. The gnoll attacks as you move away!
The gnoll hits you with a +1 spear of distortion.
Space warps around you.
The gnoll hits you from afar with a +1 spear of distortion!
You blink.
There is a transporter landing site here.
You can't go down here!
Attack: -) Claws
Press: ? - help, Dir - move target, f - small abomination
Aim: a small abomination (about 41% to evade your claws)
Okay, then.
You feel very mighty all of a sudden. The small abomination hits you.
You claw the small abomination!
The small abomination is heavily damaged.
The small abomination hits you!
* * * LOW HITPOINT WARNING * * *
You block the small abomination's attack.
You block the gnoll's attack.
You closely miss the small abomination.
The small abomination is heavily damaged.
You block the small abomination's attack.
The gnoll closely misses you.
You closely miss the small abomination.
The small abomination is heavily damaged.
You block the small abomination's attack.
The gnoll barely misses you.
You barely miss the small abomination.
The small abomination is heavily damaged.
The small abomination hits you!!
You die...

#........... .
..........### ##
.........##.## #.##
####.....#..(##...#
+.......©#.##...^#
####....##.#x.x#
#...##.^g###..#
#...##.x.# # .#
#....##@##.© ..
#.....###..# .#
#..........# #.
#.........## ##
#.....##### .$ ...
#....##.# ### ..##
#....#5... #.## #....
#....##### ##..## ##..##
##......####....###.....


You could see 2 small abominations and a gnoll.

Vanquished Creatures
  Crazy Yiuf (D:3)
  Jessica (D:2)
  3 gnolls (D:2)
  A dart slug (D:2)
  An orc (D:2)
  4 endoplasms
  A giant cockroach (D:2)
  6 goblins
  4 hobgoblins
  3 ball pythons
  4 bats (D:1)
  3 frilled lizards
  4 kobolds
  4 rats
40 creatures vanquished.

Notes
Turn   | Place    | Note
-------+----------+-------------------------------------------
     0 | D:1      | duumipappa the Troll Fighter began the quest for the Orb.
     0 | D:1      | Reached XP level 1. HP: 22/22 MP: 0/0
   258 | D:1      | Reached XP level 2. HP: 29/29 MP: 1/1
   394 | D:2      | Found a glowing silver altar of Zin.
   451 | D:2      | Reached XP level 3. HP: 11/36 MP: 2/2
   546 | D:2      | Found a faded altar of an unknown god.
   928 | D:2      | Noticed Jessica
   938 | D:2      | Killed Jessica
   939 | D:2      | Reached XP level 4. HP: 45/45 MP: 3/3
  1219 | D:3      | Found a runed translucent door.
  1220 | D:3      | Noticed Crazy Yiuf
  1231 | D:3      | Killed Crazy Yiuf
  1297 | D:3      | Got The Basics of Sorcery
  1308 | D:3      | Found a transporter.
  1324 | D:3      | Noticed a small abomination
  1324 | D:3      | Noticed a small abomination
  1331 | D:3      | HP: 2/45 [small abomination (13)]
  1334 | D:3      | Mangled by a small abomination

Illustrated notes

Levels and vault maps discovered:
D:1:      sevenhm_arrival_forest_fort_large_2, layout_loops_ring,
          minmay_tromino_i2
D:2:      layout_loops_corners, basic_altar, chequers_ecumenical_altar_simple,
          uniq_jessica
D:3:      layout_basic, nzn_wu_jian_council_hall,
          chequers_temple_overflow_minitemple, gammafunk_ghost_abyssal_escape,
          uniq_crazy_yiuf_cottage

Skill      XL: |  1  2  3  4 |
---------------+-------------+-----
Shields        | 3 |  3.3
Fighting       | 3 |  3.1
Unarmed Combat | 3 |  3.3
Dodging        | 3 |  3.0
Throwing       | |  0.1

Action                     |  1- 3 |  4- 6 || total
---------------------------+-------+-------++-------
  Melee: Unarmed           |    80 |    23 ||   103
  Throw: Stone             |    12 |     1 ||    13
    Use: Scroll            |     2 |     1 ||     3
         Potion            |     1 |     1 ||     2
 Armour: Robe              |    13 |     5 ||    18
  Dodge: Dodged            |    26 |     3 ||    29
  Block: Kite shield       |    22 |    10 ||    32

Table legend: (Time is in decaauts)
 A = Elapsed time spent in this place.
 B = Non-inter-level travel time spent in this place.
 C = Inter-level travel time spent in this place.
 D = Time resting spent in this place.
 E = Time spent auto-exploring this place.
 F = Levels seen in this place.
 G = Mean time per level.
                   A        B        C        D        E       F      G
               +--------+--------+--------+--------+--------+-----+--------+
         Total |   1329 |   1156 |    173 |     12 |    232 |   3 |  443.0 |
       Dungeon |   1329 |   1156 |    173 |     12 |    232 |   3 |  443.0 |
               +--------+--------+--------+--------+--------+-----+--------+

Top non-repeatable levels by time:
     D:2: 812 daAuts
     D:1: 379 daAuts
     D:3: 138 daAuts
